 Dungeon Crawl Stone Soup version 0.19-a0-3-g95c6029 (webtiles) character file.

59 Minkie the Vexing (level 3, 0/24 HPs)
             Began as a Vampire Enchanter on Apr 28, 2016.
             Slain by an adder (4 damage)
             ... on level 3 of the Dungeon.
             The game lasted 00:03:54 (1524 turns).

Minkie the Vexing (Vampire Enchanter)               Turns: 1524, Time: 00:03:55

Health: 0/24       AC:  4    Str:  7    XL:     3   Next: 78%
Magic:  2/6        EV: 12    Int: 17    God:
Gold:   63         SH:  0    Dex: 15    Spells: 2 memorised, 3 levels left

rFire  . . .     SeeInvis +     a - +1 dagger
rCold  + . .     Gourm    .     b - +1 robe
rNeg   + + .     Faith    .     (no shield)
rPois  +         Spirit   .     i - +0 helmet
rElec  .         Dismiss  .     (no cloak)
rCorr  .         Reflect  .     (no gloves)
SustAt .         Harm     .     (no boots)
MR     .....                    (no amulet)
Stlth  +++.......               (no ring)
                                (no ring)

@: lethally poisoned (0 -> -11), regenerating slowly, not resistant to hostile
enchantments, fairly stealthy
A: fangs 3, see invisible, unbreathing
a: Bat Form


You were on level 3 of the Dungeon.
You were very thirsty.

You visited 1 branch of the dungeon, and saw 3 of its levels.

You collected 63 gold pieces.

Inventory:

Hand Weapons
 a - a +1 dagger (weapon)
Missiles
 j - 3 javelins (quivered)
Armour
 b - a +1 robe (worn)
 i - a +0 helmet (worn)
Scrolls
 e - 3 scrolls of identify {unknown}
 g - a scroll of remove curse {unknown}
Potions
 d - a potion of blood
 f - 3 potions of agility {unknown}
 h - a potion of invisibility {unknown}
 k - a potion of haste {unknown}
 l - 2 potions of might {unknown}
 m - a potion of brilliance {unknown}
Books
 c - a book of Maledictions

   Spells                             Type                      Level
   a - Corona                         Hexes                        1
   b - Ensorcelled Hibernation        Hexes/Ice                    2
   c - Confuse                        Hexes                        3
   d - Tukima's Dance                 Hexes                        3
   e - Dazzling Spray                 Conjuration/Hexes            3


   Skills:
 + Level 2.1 Short Blades
 - Level 2.1 Dodging
 + Level 4.8 Stealth
 + Level 2.4 Spellcasting
 + Level 5.1 Hexes
 + Level 1.3 Ice Magic


You had 3 spell levels left.
You knew the following spells:

 Your Spells              Type           Power        Failure   Level  Hunger
a - Corona                Hex            ###....      2%          1    #......
b - Ensorcelled Hibernat  Hex/Ice        ##....       10%         2    ##.....


Dungeon Overview and Level Annotations

Branches:
Dungeon (3/15)

Altars:
Ru

Portals:
Sewer: D:3


Innate Abilities, Weirdness & Mutations

You heal slowly.
You have razor-sharp teeth.
You have supernaturally acute eyesight.
You can survive without breathing.


Message History

The adder is almost dead.
The adder closely misses you.
You hit the adder but do no damage.
The adder is almost dead.
* * * LOW HITPOINT WARNING * * *
You feel sick. The adder barely misses you.
You miss the adder.
The adder is almost dead.
The adder bites you but does no damage.
You miss the adder.
The adder is almost dead.
The adder bites you but does no damage.
You hit the adder but do no damage.
The adder is almost dead.
* * * LOW HITPOINT WARNING * * *
You feel sick. The adder barely misses you.
You closely miss the adder.
The adder is almost dead.
The adder bites you.
You die...

##..#≈≈≈#......##
#.####.
#...#≈∩≈#.#...##
#.# .
#.).#≈≈≈#.##+##
#.# .
#.##.#.#≈≈≈#.#
#†# .
#......##'##.#
#.# .
####.#.......#
#.# #.......Ss##
#.##.#.
##.######S#
#<..... ## #@#
####.## #$# # #.#
#.. ###


You could see 2 adders and a giant cockroach.

Vanquished Creatures
  2 adders (D:3)
  A worm (D:2)
  A dart slug (D:2)
  2 giant geckos (D:2)
  2 ball pythons (D:1)
  3 bats
  3 giant cockroaches
  5 goblins
  3 hobgoblins
  3 kobolds
  5 giant newts
  5 rats
35 creatures vanquished.

Notes
Turn   | Place    | Note
--------------------------------------------------------------
     0 | D:1      | Minkie the Vampire Enchanter began the quest for the Orb.
     0 | D:1      | Reached XP level 1. HP: 13/13 MP: 3/3
   689 | D:1      | Reached XP level 2. HP: 19/19 MP: 5/5
   693 | D:1      | Learned a level 2 spell: Ensorcelled Hibernation
  1039 | D:2      | Found a sacrificial altar of Ru.
  1168 | D:2      | Reached skill level 1 in Ice Magic
  1201 | D:2      | Reached XP level 3. HP: 24/24 MP: 6/6
  1470 | D:3      | Found a glowing drain.
  1501 | D:3      | Reached skill level 5 in Hexes
  1524 | D:3      | Slain by an adder

Vault maps used:
D:1:      wheals_arrival_shading, hangedman_abyss_or_decor_stabs
D:2:      nicolae_ru_awakened_eye, kennysheep_another_room
D:3:      vehumet_crystals, gup_sewer_entry_glass, minmay_liquid_box,
          gammafunk_pakellas_spire_experiment

Skill      XL: |  1  2  3 |
---------------+----------+-----
Ice Magic      | 1 |  1.3
Short Blades   | 2 |  2.1
Hexes          | 5 |  5.1
Dodging        | |  2.1
Stealth        | |  4.8
Spellcasting   | |  2.4

Action                   || total
-------------------------++-------
Melee: Dagger            ||   112
       Bite              ||     6
 Cast: Ensorcelled Hiber ||     6
 Stab: Sleeping          ||    14
       Distracted        ||     1
Armor: Robe              ||    30
Dodge: Dodged            ||    58
